 Dungeon Crawl Stone Soup version 0.22-a0-425-g89d60a1 (webtiles) character file.

208 Borgoz the Skirmisher (level 5, 0/33 HPs)
             Began as a Gargoyle Abyssal Knight on May 24, 2018.
             Was a Priest of Lugonu.
             Killed by nerve-wracking pain
             ... invoked by Grinder
              (5 damage)
             ... on level 4 of the Dungeon.
             The game lasted 00:04:26 (2719 turns).

Borgoz the Skirmisher (Gargoyle Abyssal Knight)     Turns: 2719, Time: 00:04:26

Health: 0/33       AC:  7    Str: 16    XL:     5   Next: 86%
Magic:  7/7        EV: 12    Int: 12    God:    Lugonu [***...]
Gold:   192        SH:  0    Dex: 10    Spells: 2/4 levels left

rFire    . . .     SeeInvis .   a - +1 hand axe
rCold    . . .     Gourm    .   (no shield)
rNeg     + . .     Faith    .   b - +0 leather armour
rPois    ∞         Spirit   .   (no helmet)
rElec    +         Reflect  .   (no cloak)
rCorr    .         Harm     .   (no gloves)
MR       .....                  (no boots)
Stlth    +.........             (no amulet)
HPRegen  0.11/turn              (no ring)
MPRegen  0.10/turn              (no ring)

@: no status effects
A: negative energy resistance 1, electricity resistance, unbreathing,
petrification resistance, rot immunity, AC +4
a: Depart the Abyss, Bend Space, Banish, Renounce Religion


You were on level 4 of the Dungeon.
You worshipped Lugonu.
Lugonu was most pleased with you.
You were not hungry.

You visited 1 branch of the dungeon, and saw 4 of its levels.
You visited the Abyss 1 time.

You collected 192 gold pieces.

Inventory:

Hand Weapons
 a - a +1 hand axe (weapon)
Armour
 b - a +0 leather armour (worn)
Magical Staves
 e - an uncursed staff of air {unknown}
Jewellery
 m - a cursed ring of teleportation {unknown}
Scrolls
 d - 3 scrolls of enchant weapon {unknown}
 g - 3 scrolls of amnesia {unknown}
 h - 4 scrolls of teleportation {unknown}
 i - 2 scrolls of immolation {unknown}
 k - a scroll of fog {unknown}
 l - 4 scrolls of remove curse {unknown}
 q - a scroll of identify {unknown}
 r - 2 scrolls of enchant armour {unknown}
 t - a scroll of blinking {unknown}
Potions
 j - 2 potions of flight {unknown}
 n - 2 potions of curing {unknown}
 p - a potion of resistance {unknown}
 s - a potion of mutation {unknown}
Comestibles
 c - 7 rations
 o - a chunk of flesh


   Skills:
 + Level 4.0 Fighting
 * Level 3.2 Axes
 + Level 3.0 Armour
 * Level 2.5 Dodging
 + Level 2.9 Invocations


You had 2 spell levels left.
You knew the following spells:

 Your Spells              Type           Power        Failure   Level  Hunger
a - Blink                 Tloc           N/A          52%         2    ###....

Your spell library contained the following spells:

 Spells                   Type           Power        Failure   Level  Hunger
 Magic Dart               Conj           #...         36%         1    ##.....
 Conjure Flame            Conj/Fire      #.......     75%         3    ####...
 Slow                     Hex            #.......     52%         2    ###....
 Mephitic Cloud           Conj/Pois/Air  #.......     75%         3    ####...
 Call Imp                 Summ           #.......     52%         2    ###....


Dungeon Overview and Level Annotations

Branches:
Dungeon (4/15)
 Temple: D:4-7

Altars:
Ashenzari
The Shining One

Annotations:
D:4 Grinder, Natasha


Innate Abilities, Weirdness & Mutations

You are resistant to torment.
Your stone body is resilient. (AC +4)
You are immune to poison.
You resist negative energy. (rN+)
You are resistant to electric shocks. (rElec)
You can survive without breathing.
You are immune to petrification.
You are immune to rotting.


Message History

You hit the iron imp.
The iron imp is severely wounded.
You hit the iron imp.
The iron imp is almost dead.
Grinder gestures at you.
You suddenly lose the ability to move!
The iron imp hits you!
Grinder blinks!
The iron imp hits you!
* * * LOW HITPOINT WARNING * * *
The iron imp hits you but does no damage.
The iron imp disappears in a puff of smoke!
The white imp grins evilly.
The crimson imp hits you.
* * * LOW HITPOINT WARNING * * *
You can move again.
Grinder says, "Don't move a muscle."
Grinder blinks!
Grinder blinks!
The crimson imp blinks!
Grinder gestures at you. Pain shoots through your body!
You die...

#. #.# #.##
#.############ #..#
#.>..#........ #..#
#.##.#.####### .§#
#.##.#.# #5# #.##.#.#
##h## #.##.#.# #####
#§..#####)##.#.# #....
#....@.........# #.###
#.5.#####.##.#####....
##### #.##.# #.....
#.##.# #.###. ##.##.#
#.# #. .....# #.###.
#.#..# #.....
#.#..#####.##.
####.............


You could see Grinder and Natasha.

Vanquished Creatures
  Natasha (D:4)
  3 worker ants (D:4)
  3 adders (D:2)
  3 worms
  2 dart slugs
  4 leopard geckos
  An orc (D:4)
  2 bats (D:2)
  2 giant cockroaches (D:4)
  7 goblins
  7 hobgoblins
  7 jackals
  2 quokkas
  3 ball pythons
  10 frilled lizards
  10 kobolds
  A leopard gecko skeleton (D:4)
  7 rats
75 creatures vanquished.

Notes
Turn   | Place    | Note
-------+----------+-------------------------------------------
     0 | Abyss:1  | Borgoz the Gargoyle Abyssal Knight began the quest for the Orb.
     0 | Abyss:1  | Reached XP level 1. HP: 14/14 MP: 2/2
    24 | Abyss:2  | Noticed a chaos spawn
    25 | D:1      | Escaped the Abyss
    29 | D:1      | Noticed an electric eel
    29 | D:1      | Noticed an electric eel
    62 | D:1      | Reached * piety under Lugonu
    62 | D:1      | Reached skill level 1 in Dodging
    69 | D:1      | Reached XP level 2. HP: 17/19 MP: 3/3
   416 | D:1      | Reached XP level 3. HP: 23/23 MP: 4/4
   940 | D:2      | Found a shattered altar of Ashenzari.
  1061 | D:2      | Found a glowing golden altar of the Shining One.
  1108 | D:2      | Reached ** piety under Lugonu
  1108 | D:2      | Reached XP level 4. HP: 26/28 MP: 5/5
  1555 | D:3      | Learned a level 2 spell: Blink
  1843 | D:3      | Noticed an ogre
  2307 | D:4      | Reached XP level 5. HP: 30/33 MP: 6/6
  2470 | D:4      | Noticed Natasha
  2477 | D:4      | Killed Natasha
  2527 | D:4      | Reached *** piety under Lugonu
  2566 | D:4      | Reached skill level 4 in Fighting
  2689 | D:4      | Noticed Grinder
  2692 | D:4      | Noticed Natasha
  2696 | D:4      | Paralysed by Grinder for 3 turns
  2712 | D:4      | Paralysed by Grinder for 5 turns
  2719 | D:4      | Killed from afar by Grinder

Vault maps used:
D:1:      arrival_aquarium_b, minmay_lizard_king
D:2:      ashenzari_altar_1, nicolae_tso_swordbearing_angel
D:3:      first_ration
D:4:      lemuel_doored_altar, lemuel_statue_altar, uniq_natasha, uniq_grinder
Abyss:2:  minivault_28

Skill      XL: |  1  2  3  4  5 |
---------------+----------------+-----
Dodging        | 1 2 |  2.5
Axes           | 2 3 |  3.2
Fighting       | 4 |  4.0
Armour         | 3 |  3.0
Invocations    | |  2.9

Action                   |  1- 3 |  4- 6 || total
-------------------------+-------+-------++-------
Melee: Hand axe          |   110 |   184 ||   294
Invok: Depart the Abyss  |     1 |       ||     1
       Bend Space        |       |     1 ||     1
  Use: Potion            |       |     2 ||     2
  Eat: Chunk             |       |     6 ||     6
Armor: Leather armour    |    54 |    85 ||   139
Dodge: Dodged            |    75 |   142 ||   217

Table legend:
 A = Spawn XP
 B = Non-spawn XP
 C = Spawn XP percentage of total XP
 D = Spawn monster count
 E = Non-spawn monster count
 F = Spawn count percentage of total count
 G = Total turns spent on level
                    A         B        C        D         E        F      G
               +---------+---------+-------+---------+---------+-------+---------
         Total |       0 |     298 |   0.0 |       0 |      75 |   0.0 |  2719
               +---------+---------+-------+---------+---------+-------+---------
           D:1 |       0 |      46 |   0.0 |       0 |      29 |   0.0 |   855
           D:2 |       0 |      79 |   0.0 |       0 |      24 |   0.0 |   985
           D:3 |       0 |      24 |   0.0 |       0 |      12 |   0.0 |   384
           D:4 |       0 |     149 |   0.0 |       0 |      10 |   0.0 |   470
               +---------+---------+-------+---------+---------+-------+---------
